 Dungeon Crawl Stone Soup version 0.29.1-15-g9cfb28693d (webtiles) character file.

Game seed: 4850115365355805493

4 Smoke131 the Firebug (level 1, 0/14 HPs)
             Began as a Draconian Fire Elementalist on Feb 25, 2023.
             Slain by an endoplasm (3 damage)
             ... on level 1 of the Dungeon on Feb 26, 2023.
             The game lasted 00:01:23 (317 turns).

Smoke131 the Firebug (Draconian Fire Elementalist)   Turns: 317, Time: 00:01:25

Health: 0/14       AC:  8    Str: 10    XL:     1   Next: 58%
Magic:  1/3        EV: 12    Int: 15    God:
Gold:   11         SH:  0    Dex: 11    Spells: 3/4 levels left

rFire   . . .      SeeInvis .   c - +0 short sword
rCold   . . .      Faith    .   (no shield)
rNeg    . . .      Spirit   .   (body armour unavailable)
rPois   +          Reflect  .   (helmet restricted)
rElec   .          Harm     .   (no cloak)
rCorr   .          Rampage  .   (no gloves)
Will    .....                   (no boots)
Stlth   ++........              (no amulet)
HPRegen 0.04/turn               b - ring of poison resistance
MPRegen 0.08/turn               d - +4 ring of protection

@: no status effects
A: AC +4, unfitting armour, cold-blooded
a: no special abilities


You were on level 1 of the Dungeon.
You visited 1 branch of the dungeon, and saw 1 of its levels.

You collected 11 gold pieces.

Inventory:

Hand Weapons
 c - a +0 short sword (weapon)
Jewellery
 b - a ring of poison resistance (left hand)
 d - a +4 ring of protection (right hand)
Potions
 a - a potion of magic


   Skills:
 + Level 1.9 Dodging
 - Level 1.7 Stealth
 + Level 2.1 Spellcasting
 + Level 1.1 Conjurations
 + Level 3.0 Fire Magic


You had 3 spell levels left.
You knew the following spells:

 Your Spells              Type           Power      Damage    Failure   Level
a - Foxfire               Conj/Fire      28%        2x1d5     10%         1

Your spell library contained the following spells:

 Spells                   Type           Power      Damage    Failure   Level
 Scorch                   Fire           20%        2d6       10%         2
 Conjure Flame            Conj/Fire      7%         6-21      28%         3
 Inner Flame              Hex/Fire       6%         N/A       34%         3
 Flame Wave               Conj/Fire      7%         2d5       67%         4


Dungeon Overview and Level Annotations

Branches:
Dungeon (1/15)

Altars:


Innate Abilities, Weirdness & Mutations

Your plain brown scales are hard. (AC +4)
You cannot fit into any form of body armour.
You are cold-blooded and may be slowed by cold attacks.


Message History

The quokka misses you. The quokka barely misses you.
You completely miss the quokka.
The quokka is severely wounded.
The quokka barely misses you.
You miss the quokka.
Your tail-slap misses the quokka.
The quokka is severely wounded.
The quokka barely misses you.
You hit the quokka.
Your tail-slap misses the quokka.
The quokka is almost dead.
The quokka completely misses you. The quokka misses you.
You hit the quokka.
You kill the quokka!
You completely miss the endoplasm.
The endoplasm is moderately wounded.
The endoplasm hits you but does no damage.
You hit the endoplasm but do no damage.
The endoplasm is moderately wounded.
The endoplasm barely misses you.
You hit the endoplasm.
The endoplasm is severely wounded.
The endoplasm misses you. The endoplasm freezes you.
You are frozen.
You feel yourself slow down.
Casting: Foxfire (safe; 10% risk of failure)
Confirm with . or Enter, or press ? or * to list all spells.
You conjure some foxfire!
The endoplasm hits you but does no damage.
Your foxfire dissipates!
The endoplasm freezes you.
You are frozen.
You feel yourself speed up.
The endoplasm jiggles.
The endoplasm hits you but does no damage.
The endoplasm attacks as you move away! The endoplasm hits you.
* * * LOW HITPOINT WARNING * * *
Found a cyan potion.
Casting: Foxfire (safe; 10% risk of failure)
Confirm with . or Enter, or press ? or * to list all spells.
You conjure some foxfire!
The endoplasm hits you.
You die...

....(.#..## #.
##...#...## #.....###.
#...###...#
#.#.##.#.#######...#
#...# #.#.#
#...†...##..#####..## #
#.# #.#####.#...........#
#.###.#####.#...........#
#.........#.#.⌠...<...⌠.#
#####.###vJ.#...........#
#......v@.#...........#
#.#.###...####..#..####
#.#.......$! ##...## #
#####.....# .....
##...####..#. ##.## ...
.# .. ##


You could see an endoplasm (ally target).

Vanquished Creatures
  An endoplasm (D:1)
  A hobgoblin (D:1)
  A quokka (D:1)
  A kobold (D:1)
4 creatures vanquished.

Vanquished Creatures (others)
  6 foxfires (D:1)
6 creatures vanquished.

Grand Total: 10 creatures vanquished

Notes
Turn   | Place    | Note
-------+----------+-------------------------------------------
     0 | D:1      | Smoke131 the Draconian Fire Elementalist began the quest
                  | for the Orb.
     0 | D:1      | Reached XP level 1. HP: 14/14 MP: 3/3
   317 | D:1      | Slain by an endoplasm

Illustrated notes

Levels and vault maps discovered:
D:1:      dpeg_arrival_arbitrary_c, layout_loops_ring,
          shapermc_ecumenical_altar_mp_vishouse, wad_floor_pattern_1,
          chequers_serial_rivers_micro_a

Action                   || total
-------------------------++-------
Melee: Short sword       ||    23
       Tailslap          ||     3
 Cast: Foxfire           ||     6
 Stab: Sleeping          ||     1
Armor: Skin              ||    10
Dodge: Dodged            ||    21
